AoeStats
← Jupi-yoo

Lombardia

508496018Analyzed
2v2 RM · 9d ago on Sep 22, 2026· 55m 58s· 4 players
Game mode
Random Map
Map size
Medium (4 player)
Population
200
Speed
Normal
Resources
Standard
Victory
Conquest
Starting age
Dark Age
Ending age
Imperial Age
RankedLock teamsTeams togetherTeam positionsShared explorationLock speedFull tech treeHidden civsTurbo modeCheats
Victory
Defeat
🇫🇷 Vietnamese · France
636
+17
🇫🇷 Japanese · France
606
+19
🇵🇦 Random · Panama
686
-19
🇺🇸 Random · United States
649
-17
arielhz45
3:45 Loom
13:07 Feudal Age
13:49 Horse Collar
13:57 Double-Bit Axe
23:28 Castle Age
21:50 Forging
21:41 Scale Mail Armor
21:37 Fletching
25:00 Wheelbarrow
24:39 Bow Saw
24:34 Heavy Plow
25:11 Hamask
29:03 Iron Casting
30:41 Gold Mining
32:42 Hand Cart
36:44 Chain Mail Armor
40:31 Imperial Age
41:48 Conscription
40:50 Elite Jomsviking
41:21 Elite Skirmisher
43:16 Gold Shaft Mining
46:07 Plate Mail Armor
51:17 Hoardings
51:56 Caravan
Elcaifascefas
3:02 Loom
10:47 Feudal Age
12:34 Double-Bit Axe
15:38 Bloodlines
19:25 Forging
25:39 Castle Age
26:29 Scale Mail Armor
27:05 Iron Casting
28:43 Chain Mail Armor
28:39 Scale Barding Armor
31:36 Chain Barding Armor
35:11 Elite Skirmisher
36:07 Padded Archer Armor
43:23 Imperial Age
42:56 Leather Archer Armor
43:56 Murder Holes
44:22 Ballistics
46:43 Cranequins
49:08 Conscription
49:57 Chemistry
50:07 Fletching
50:48 Ring Archer Armor
51:31 Cavalier
53:28 Horse Collar
Jupi-yoo
1:51 Loom
12:06 Feudal Age
13:31 Double-Bit Axe
14:40 Horse Collar
17:39 Forging
17:20 Man-at-Arms
21:24 Castle Age
20:51 Gold Mining
20:53 Stone Mining
22:31 Squires
21:54 Long Swordsman
27:34 Bow Saw
28:42 Scale Mail Armor
28:35 Arson
28:33 Crossbowman
29:31 Fletching
29:43 Padded Archer Armor
30:27 Heavy Plow
33:34 Leather Archer Armor
34:20 Gold Shaft Mining
34:28 Town Watch
37:29 Thumb Ring
38:50 Iron Casting
40:24 Chain Mail Armor
40:50 Wheelbarrow
45:08 Imperial Age
45:38 Bodkin Arrow
46:46 Kataparuto
46:58 Hand Cart
46:45 Town Patrol
47:18 Conscription
48:19 Two-Man Saw
49:50 Blast Furnace
51:44 Bracer
55:48 Elite Samurai
Mich_LDDG
2:47 Loom
13:21 Feudal Age
14:25 Horse Collar
14:34 Double-Bit Axe
17:38 Gold Mining
25:24 Castle Age
26:48 Stone Mining
27:13 Bow Saw
27:31 Heavy Plow
28:10 Fletching
28:21 Padded Archer Armor
28:35 Scale Barding Armor
29:34 Stone Shaft Mining
31:21 Chatras
31:18 Crossbowman
34:05 Chain Barding Armor
33:57 Forging
34:39 Bodkin Arrow
42:20 Imperial Age
45:05 Bloodlines
44:57 Husbandry
46:59 Paper Money
47:16 Hoardings
47:26 Crop Rotation
48:04 Two-Man Saw
48:10 Wheelbarrow
48:18 Wheelbarrow
49:08 Thumb Ring
53:19 Chemistry
52:42 Ballistics
Connection lost

Rejoining the realm…

Still unreachable

The connection could not be restored.

Session expired

The server has moved on; the page needs a fresh start.